 Dungeon Crawl Stone Soup version 0.20.1-1-g8b1a95d (webtiles) character file.

15099 troglodite the Protected (level 11, -1/90 HPs)
             Began as a Demonspawn Berserker on Dec 18, 2017.
             Was a Priest of Trog.
             Succumbed to a green ugly thing's poison
             ... on level 11 of the Dungeon.
             The game lasted 00:42:30 (12762 turns).

troglodite the Protected (Demonspawn Berserker)    Turns: 12762, Time: 00:42:32

Health: -1/90      AC: 29    Str: 18    XL:     11   Next: 97%
Magic:  11/11      EV: 12    Int: 10    God:    Trog [***...]
Gold:   715        SH:  3    Dex: 20    Spells: 10/10 levels left

rFire    + + .     SeeInvis .   e - +8 bardiche of the Pure Scars {distort, rN+}
rCold    x . .     Gourm    .   (shield currently unavailable)
rNeg     + + .     Faith    .   O - +8 plate armour {ponderous}
rPois    .         Spirit   .   p - +2 hat
rElec    .         Reflect  +   i - +2 cloak
rCorr    .         Harm     .   y - +0 pair of gloves
MR       .....                  (boots unavailable)
Stlth    ..........             v - +3 amulet of reflection
Regen    0.3/turn               T - ring "Med Caepn" {Fire Int+2 Dex+4}
MPRegen  0.2/turn               (no ring)

@: lethally poisoned (-1 -> -15), berserk cooldown, slowed, drained, very slow
A: hooves 3, demonic guardian 1, fire resistance 1, negative energy resistance
1, sturdy frame 2
a: Berserk, Trog's Hand, Burn Spellbooks, Renounce Religion


You were on level 11 of the Dungeon.
You worshipped Trog.
Trog was most pleased with you.
You were near starving.

You visited 1 branch of the dungeon, and saw 11 of its levels.
You also visited: Labyrinth.

You collected 715 gold pieces.

Inventory:

Hand Weapons
 e - the +8 bardiche of the Pure Scars (weapon) {distort, rN+}
   (You found it on level 11 of the Dungeon)

   It warps and distorts space around it.
   Unwielding it can cause banishment or high damage.
   It protects you from negative energy.
 I - a +7 falchion of freezing
 J - a +2 scimitar
 N - a +1 falchion of protection
Armour
 i - a +2 cloak (worn)
 p - a +2 hat (worn)
 t - a scarf of cloud immunity
 u - a +0 helmet
 y - a +0 pair of gloves (worn)
 O - a +8 plate armour of ponderousness (worn)
Jewellery
 v - a +3 amulet of reflection (around neck)
 T - the ring "Med Caepn" (left hand) {Fire Int+2 Dex+4}
   (You found it in a labyrinth)

   [ring of fire]

   It enhances your fire magic.
   It affects your intelligence (+2).
   It affects your dexterity (+4).
   It protects you from fire.
   It makes you vulnerable to cold.
Wands
 l - a wand of lightning (6/15)
 F - a wand of digging (24/24)
Scrolls
 g - a scroll of fear {unknown}
 k - 3 scrolls of blinking
 o - a scroll of fog
 q - a scroll of recharging
 s - 10 scrolls of remove curse
 w - a scroll of magic mapping
 x - a scroll of enchant weapon {unknown}
 z - 4 scrolls of teleportation {unknown}
 D - a scroll of identify
 H - 2 scrolls of immolation {unknown}
 K - 2 scrolls of amnesia {unknown}
 L - a scroll of brand weapon {unknown}
 M - 3 scrolls of enchant armour {unknown}
Potions
 a - 4 potions of mutation
 d - 7 potions of heal wounds
 f - a potion of magic
 h - 4 potions of curing
 j - a potion of invisibility
 m - 2 potions of cancellation
 n - a potion of might
 r - 2 potions of haste
 E - 3 potions of flight
Books
 R - a book of the Earth

   Spells                             Type                      Level
   a - Leda's Liquefaction            Hexes/Earth                  4
   b - Bolt of Magma                  Conjuration/Fire/Earth       5
   c - Statue Form                    Transmutation/Earth          6
   d - Iron Shot                      Conjuration/Earth            6
   e - Shatter                        Earth                        9
   Trog disapproves of the use of such an item.
 V - the Handbook of Transformation
   (You found it in a labyrinth)

   Spells                             Type                      Level
   a - Petrify                        Transmutation/Earth          4
   b - Alistair's Intoxication        Transmutation/Poison         5
   Trog disapproves of the use of such an item.
Comestibles
 b - 3 royal jellies
 c - 7 bread rations
 C - a meat ration
 P - 7 fruits


   Skills:
 * Level 10.0(9.9) Fighting
 + Level 9.4(9.3) Long Blades
 + Level 2.0(1.9) Polearms
 * Level 10.2(10.1) Armour
 * Level 7.7(7.6) Dodging
 + Level 2.7(2.6) Stealth


You had 10 spell levels left.
You didn't know any spells.

Dungeon Overview and Level Annotations

Branches:
Dungeon (11/15)            Temple (0/1) D:5            Lair (0/6) D:11
    Orc: D:9-12

Altars:
Ashenzari
Fedhas
Hepliaklqana
Qazlal
Sif Muna
Trog
Xom
Yredelemnul
Zin

Shops:
D:9 =%


Innate Abilities, Weirdness & Mutations

You have hooves in place of feet.
A weak demonic guardian rushes to your aid.
Your flesh is heat resistant. (rF+)
You resist negative energy. (rN+)
Your movements are less encumbered by armour. (ER -4)


Message History

Your base Fighting skill increases to level 10!
Your base Polearms skill increases to level 2!
* * * LOW HITPOINT WARNING * * *
You feel very sick.
* * * LOW HITPOINT WARNING * * *
You feel sick.
You see here an ugly thing corpse.
You feel a strong urge to attack something.
* * * LOW HITPOINT WARNING * * *
You feel sick.
You are no longer berserk.
You are exhausted.
You feel yourself slow down.
* * * LOW HITPOINT WARNING * * *
You feel sick.
* * * LOW HITPOINT WARNING * * *
You feel very sick.
* * * LOW HITPOINT WARNING * * *
You feel very sick.
You die...

....###.##.# #.....#
#####.... ........##.#
#.....# #......>
....######.# #.....#
#.##...> ....#,,,,,.#
#.....# #.##....
....#,****** #.....#
#.##.... ....#,* #.....#
#.##.... #####,* #.....#
#.######
#.##########.....#####.#
#....†.†....@..........#
########################


There were no monsters in sight!

Vanquished Creatures
  A minotaur (Lab)
  Harold (D:10)
  2 two-headed ogres
  A deep elf mage (D:10)
  2 ugly things (D:11)
  2 gargoyles
  A komodo dragon (D:9)
  A merfolk (D:10)
  2 trolls
  A hippogriff (D:9)
  A shadow (D:11)
  A spriggan (D:10)
  3 wyverns
  11 yaks
  7 hungry ghosts
  Duvessa (D:6)
  3 eyes of draining (D:7)
  2 black bears
  2 ice beasts
  4 orc warriors
  6 ogres
  3 phantoms
  3 centaurs
  3 big kobolds
  2 bullfrogs
  Blork the orc (D:6)
  Dowan (D:6)
  4 scorpions
  A wyvern skeleton (D:7)
  6 killer bees
  A water moccasin skeleton (D:10)
  10 wights
  An electric eel (D:9)
  5 crimson imps
  A quasit (D:7)
  2 centaur zombies
  3 orc priests
  5 jellies
  A centaur skeleton (D:7)
  3 hounds
  10 orc wizards
  4 bullfrog skeletons
  3 iguanas
  6 worker ants
  2 hound zombies
  A hound skeleton (D:10)
  A howler monkey zombie (D:6)
  6 adders
  3 gnolls (D:6)
  2 shadow imps (D:10)
  10 oozes
  An adder zombie (D:8)
  2 adder skeletons
  4 worms
  5 dart slugs
  5 leopard geckos
  30 orcs
  2 ball pythons
  7 giant cockroaches
  10 goblins
  11 hobgoblins
  8 jackals
  21 kobolds
  5 quokkas
  A ball python skeleton (D:4)
  8 bats
  6 frilled lizards
  6 rats
291 creatures vanquished.

Vanquished Creatures (collateral kills)
  2 two-headed ogres
  3 wargs (D:11)
  An orc warrior (D:10)
  A centaur (D:5)
  A bullfrog (D:8)
  A scorpion (D:10)
  A killer bee (D:8)
  3 wights (D:8)
  A crimson imp (D:5)
  3 orc priests
  5 orc wizards
  A gnoll (D:6)
  An adder zombie (D:8)
  An adder skeleton (D:8)
  3 orcs
  7 kobolds (D:8)
  A frilled lizard (D:4)
  A jackal zombie (D:6)
37 creatures vanquished.

Vanquished Creatures (others)
  A fungus (D:4)
  12 toadstools (D:4)
13 creatures vanquished.

Grand Total: 341 creatures vanquished

Notes
Turn   | Place    | Note
-------+----------+-------------------------------------------
     0 | D:1      | troglodite the Demonspawn Berserker began the quest for the Orb.
     0 | D:1      | Reached XP level 1. HP: 18/18 MP: 1/1
   367 | D:1      | Gained mutation: Your movements are slightly less encumbered by armour. (ER -2) [demonic ancestry]
   367 | D:1      | Reached XP level 2. HP: 13/24 MP: 2/2
   792 | D:1      | Reached XP level 3. HP: 27/29 MP: 3/3
  1356 | D:2      | Reached ** piety under Trog
  1460 | D:2      | Found a hazy altar of Hepliaklqana.
  1933 | D:2      | Reached XP level 4. HP: 31/37 MP: 4/4
  2576 | D:3      | Found a stormy altar of Qazlal.
  2884 | D:3      | Reached *** piety under Trog
  2939 | D:3      | Gained mutation: A weak demonic guardian rushes to your aid. [demonic ancestry]
  2939 | D:3      | Reached XP level 5. HP: 42/42 MP: 5/5
  3036 | D:3      | Found a faded altar of an unknown god.
  3934 | D:4      | Gained mutation: You have large cloven feet. [demonic ancestry]
  3934 | D:4      | Reached XP level 6. HP: 43/49 MP: 6/6
  4135 | D:4      | Found a shattered altar of Ashenzari.
  4296 | D:4      | Gained mutation: Your movements are less encumbered by armour. (ER -4) [demonic ancestry]
  4296 | D:4      | Reached XP level 7. HP: 50/55 MP: 7/7
  4578 | D:4      | Reached skill level 5 in Fighting
  4592 | D:4      | Reached **** piety under Trog
  4781 | D:5      | Entered Level 5 of the Dungeon
  4974 | D:5      | Found a staircase to the Ecumenical Temple.
  5026 | D:5      | Found a shattered altar of Ashenzari.
  5062 | D:5      | Found a basalt altar of Yredelemnul.
  5064 | D:5      | Found a deep blue altar of Sif Muna.
  5065 | D:5      | Found a shimmering altar of Xom.
  5125 | D:5      | Found a blossoming altar of Fedhas.
  5130 | D:5      | Found a glowing silver altar of Zin.
  5641 | D:6      | Reached skill level 5 in Long Blades
  5699 | D:6      | Noticed Duvessa
  5704 | D:6      | Gained mutation: Your flesh is heat resistant. (rF+) [demonic ancestry]
  5704 | D:6      | Reached XP level 8. HP: 63/63 MP: 8/8
  5706 | D:6      | Noticed Dowan
  5711 | D:6      | Killed Duvessa
  5711 | D:6      | Reached skill level 5 in Armour
  5713 | D:6      | Killed Dowan
  6263 | D:6      | Found a basalt altar of Yredelemnul.
  6265 | D:6      | Noticed Blork the orc
  6283 | D:6      | Killed Blork the orc
  7309 | D:7      | Gained mutation: You have hoof-like feet. [demonic ancestry]
  7309 | D:7      | Reached XP level 9. HP: 9/71 MP: 9/9
  7874 | D:7      | Found a bloodstained altar of Trog.
  7889 | D:7      | Reached skill level 5 in Dodging
  7913 | D:7      | Reached ***** piety under Trog
  8190 | D:8      | Reached skill level 1 in Stealth
  8266 | D:8      | Received a gift from Trog
  8519 | D:8      | Noticed a two-headed ogre
  8528 | D:8      | Killed a two-headed ogre
  8544 | D:8      | Gained mutation: You have hooves in place of feet. [demonic ancestry]
  8544 | D:8      | Reached XP level 10. HP: 44/80 MP: 10/10
  9047 | D:9      | Found Asuubu's Food Emporium.
  9301 | D:9      | Found Ymoisyme's Jewellery Boutique.
  9781 | D:9      | Noticed a two-headed ogre
  9788 | D:9      | Killed a two-headed ogre
 10327 | D:10     | Entered Level 10 of the Dungeon
 10328 | D:10     | Noticed a two-headed ogre
 10337 | D:10     | Killed a two-headed ogre
 10337 | D:10     | Gained mutation: You resist negative energy. (rN+) [demonic ancestry]
 10337 | D:10     | Reached XP level 11. HP: 68/89 MP: 11/11
 10752 | D:10     | Noticed Harold
 10775 | D:10     | Killed Harold
 10775 | D:10     | Received a gift from Trog
 10807 | D:10     | Noticed a deep elf mage
 10828 | D:10     | Killed a deep elf mage
 11593 | D:11     | Found a staircase to the Lair.
 11649 | D:11     | Found a labyrinth entrance.
 11655 | Lab      | Entered a labyrinth
 12243 | Lab      | Noticed a minotaur
 12248 | Lab      | Killed a minotaur
 12248 | Lab      | Reached skill level 10 in Armour
 12256 | Lab      | Identified the Handbook of Transformation
 12257 | Lab      | Got an ancient steel ring
 12257 | Lab      | Got a steaming steel amulet
 12276 | D:11     | Identified the amulet of Fidymoni {Harm *Drain rElec Str+2 Int+2 Stlth+} (You found it in a labyrinth)
 12277 | D:11     | Identified the ring "Med Caepn" {Fire Int+2 Dex+4} (You found it in a labyrinth)
 12415 | D:11     | Got a crude bardiche
 12453 | D:11     | Identified the +8 bardiche of the Pure Scars {distort, rN+} (You found it on level 11 of the Dungeon)
 12554 | D:11     | Noticed a red ugly thing
 12624 | D:11     | Noticed a two-headed ogre
 12629 | D:11     | Killed a two-headed ogre
 12629 | D:11     | Reached skill level 1 in Polearms
 12742 | D:11     | Noticed a green ugly thing
 12755 | D:11     | Killed a brown ugly thing
 12756 | D:11     | Killed a red ugly thing
 12756 | D:11     | Reached skill level 10 in Fighting
 12760 | D:11     | HP: 3/90 [poisoned by a green ugly thing]
 12761 | D:11     | HP: 1/90 [poisoned by a green ugly thing]
 12762 | D:11     | Succumbed to a green ugly thing's poison

Skill      XL: |  1  2  3  4  5  6  7  8  9 10 11 |
---------------+----------------------------------+-----
Armour         | 2 3 4 6 7 9 10 | 10.2
Long Blades    | 3 4 5 6 7 8 9 |  9.4
Dodging        | 2 3 4 5 6 7 |  7.7
Fighting       | 4 5 6 7 9 10 | 10.0
Stealth        | 1 2 |  2.7
Polearms       | 2 |  2.0

Action                   |  1- 3 |  4- 6 |  7- 9 | 10-12 || total
-------------------------+-------+-------+-------+-------++-------
Melee: Falchion          |   144 |   242 |   414 |   325 ||  1125
       Kick              |       |    27 |   113 |   149 ||   289
       Bardiche          |       |       |       |    44 ||    44
Invok: Berserk           |     2 |     3 |     6 |     8 ||    19
       Burn Spellbooks   |       |       |     1 |       ||     1
       Trog's Hand       |       |       |     1 |       ||     1
       Brothers in Arms  |       |       |       |     1 ||     1
  Use: Scroll            |       |       |     6 |    11 ||    17
 Stab: Sleeping          |     1 |       |       |       ||     1
       Distracted        |       |       |     4 |     1 ||     5
  Eat: Chunk             |     5 |     8 |    14 |    19 ||    46
       Meat ration       |       |     1 |       |     2 ||     3
       Bread ration      |       |       |     1 |       ||     1
       Royal jelly       |       |       |       |     2 ||     2
Armor: Animal skin       |    47 |    17 |       |       ||    64
       Ring mail         |       |    81 |    14 |       ||    95
       Chain mail        |       |       |    26 |       ||    26
       Plate armour      |       |       |   159 |   243 ||   402
Dodge: Dodged            |   100 |   176 |   198 |   189 ||   663
Block: Other             |       |    24 |    10 |    10 ||    44
       Rpst.: Falchion   |    21 |    53 |    60 |    42 ||   176
